 Dungeon Crawl Stone Soup version 0.17-a0-18-gc25b939 (webtiles) character file.

146918 Psiweapon the Swashbuckler (level 18, 0/113 HPs)
             Began as a Kobold Hunter on Mar 5, 2015.
             Was the Champion of Dithmenos.
             Killed from afar by a lich (21 damage)
             ... with a bolt of lightning
             ... summoned by a giant orange brain
             ... on level 1 of the Depths on Mar 9, 2015.
             The game lasted 03:37:12 (36332 turns).

Psiweapon the Swashbuckler (Kobold Hunter)         Turns: 36332, Time: 03:37:12

Health: 0/113      AC: 27    Str: 17    XL:     18   Next: 7%
Magic:  31/31      EV: 22    Int: 11    God:    Dithmenos [******]
Gold:   2895       SH:  0    Dex: 20    Spells: 3 memorised, 20 levels left

rFire  . . .     SeeInvis .     a - +3 rapier (elec)
rCold  + + .     Clarity  .     O - +2 ring mail {rC+}
rNeg   . . .     SustAb   .     (no shield)
rPois  .         Gourm    .     I - +2 hat
rElec  .         Spirit   .     p - +2 cloak {MR+}
rCorr  .         Warding  .     q - +1 pair of gloves
rMut   .         Stasis   .     h - +1 pair of boots
MR     +++..                    (no amulet)
Stlth  +++++++++.               S - ring of Strygae {+Inv Str+4}
                                l - +4 ring of protection

@: very slightly contaminated, wreathed by umbra, drained, extremely resistant
to hostile enchantments, incredibly stealthy
A: horns 2, molten scales 1, rugged brown scales 1, thin metallic scales 1,
carnivore 3, cold resistance 1, magic resistance 1, mutation resistance 1, spit
poison 1, placid magic 1
a: Spit Poison, Shadow Step, Shadow Form, Renounce Religion, Evoke Invisibility


You were on level 1 of the Depths.
You worshipped Dithmenos.
Dithmenos was exalted by your worship.
You were very full.

You visited 7 branches of the dungeon, and saw 33 of its levels.
You also visited: Bailey, Ice Cave and Volcano.

You collected 3530 gold pieces.
You spent 635 gold pieces at shops.

Inventory:

Hand weapons
 a - a +3 rapier of electrocution (weapon)
 b - a +0 arbalest of evasion
 W - a +0 blowgun
Missiles
 c - 55 bolts
 n - 51 poisoned needles
 o - a bolt of frost
 C - 3 needles of paralysis
 D - 2 curare-tipped needles
 V - 11 bolts of penetration
Armour
 h - a +1 pair of boots (worn)
 p - a +2 cloak of magic resistance (worn)
 q - a +1 pair of gloves (worn)
 I - a +2 hat (worn)
 O - a +2 ring mail of cold resistance (worn)
Jewellery
 l - a +4 ring of protection (left hand)
 t - an uncursed amulet of stasis
 z - an uncursed ring of fire
 E - an uncursed ring of protection from cold
 L - an uncursed ring of fire
 M - an uncursed ring of stealth
 S - the ring of Strygae (right hand) {+Inv Str+4}
   (You bought it in a shop on level 4 of the Orcish Mines)

   [ring of invisibility]

   It affects your strength (+4).
   It lets you turn invisible.
 Z - an uncursed ring of flight
Magical devices
 i - a wand of digging (9)
 G - a wand of disintegration (11)
 P - a wand of confusion (15)
 Q - a wand of invisibility (3)
 U - a wand of enslavement (1)
 Y - a wand of paralysis (8)
Scrolls
 d - 3 scrolls of recharging
 k - 9 scrolls of remove curse
 m - a scroll of silence
 r - 3 scrolls of fog
 u - a scroll of enchant armour
 y - 4 scrolls of identify
 H - 8 scrolls of teleportation
 J - 8 scrolls of magic mapping
 K - 4 scrolls of blinking
Potions
 e - 2 potions of ambrosia
 g - 2 potions of restore abilities
 s - 6 potions of heal wounds
 v - 4 potions of might
 x - 8 potions of curing
 B - 4 potions of magic
 F - a potion of haste
 N - a potion of flight
 T - 5 potions of agility
 X - 2 potions of brilliance
Books
 w - a book of the Sky

   Spells                             Type                      Level
   a - Flight                         Charms/Air                   3
   b - Airstrike                      Air                          4
   c - Silence                        Hexes/Air                    5
   d - Deflect Missiles               Charms/Air                   6
   e - Conjure Ball Lightning         Conjuration/Air              6
   f - Tornado                        Air                          9
Miscellaneous
 R - a plain deck of defence {the Potion}
Comestibles
 f - 17 meat rations
 j - 17 beef jerkies
 A - 3 royal jellies


   Skills:
 - Level 11.5(11.1) Fighting
 - Level 15.8(15.6) Short Blades
   Level 2.6(7.1) Long Blades
 + Level 14.8(14.3) Crossbows
 + Level 10.7(10.3) Armour
 - Level 10.7(10.3) Dodging
 - Level 11.9(11.5) Stealth
 - Level 3.7(3.4) Spellcasting
 + Level 1.2(0.9) Charms
 - Level 4.8(4.4) Translocations
 - Level 10.9(10.5) Invocations
 - Level 8.6(8.3) Evocations


You had 20 spell levels left.
You knew the following spells:

 Your Spells              Type           Power        Failure   Level  Hunger
a - Blink                 Tloc           N/A          5%          2    ###....
b - Infusion              Chrm           #.....       17%         1    #......
c - Apportation           Tloc           #.........   4%          1    #......


Dungeon Overview and Level Annotations

Branches:
Dungeon (15/15)            Temple (1/1) D:6            Lair (8/8) D:11
 Shoals (1/5) Lair:3        Snake (3/5) Lair:5        Slime (0/6) Lair:8
    Orc (4/4) D:12            Elf (0/3) Orc:4        Vaults (0/5) D:13
 Depths (1/5) D:15

Altars:
Ashenzari
Cheibriados
Dithmenos
Elyvilon
Fedhas
Gozag
Kikubaaqudgha
Makhleb
Nemelex Xobeh
Okawaru
Qazlal
Ru
Sif Muna
Trog
Vehumet
Xom
Yredelemnul
Zin
The Shining One
Jiyva

Shops:
D:8 (   D:9 :   D:10 =   D:13 [   Orc:3 }   Orc:4 }=:(   Snake:3 ?

Annotations:
D:1 exclusion: upstairs
Lair:8 1 runed door
Orc:2 1 exclusion


Innate Abilities, Weirdness & Mutations

You are small and have problems with some larger weapons.
You are carnivorous and can eat meat at any time.
You have a pair of horns on your head.
You are partially covered in molten scales (AC +1).
You are partially covered in rugged brown scales (AC +1, +3% HP).
You are partially covered in thin metallic scales (AC +2).
Your flesh is cold resistant.
You are resistant to hostile enchantments.
You are somewhat resistant to further mutation.
You can spit poison.
Your spells are a little easier to cast, but a little less powerful.


Message History

Unknown command.
Read which item? (? for menu, Esc to quit)
Blink to where?
Press: ? - help, Dir - move target cursor You are very lightly contaminated with residual magic.
As you read the scroll of blinking, it crumbles to dust.
You found an alarm trap!
You feel sick.
You feel sick.
You feel sick.
The lich points at you and mumbles some strange words.
The bolt of lightning misses you.
You feel sick.
Drink which item? (? for menu, Esc to quit)
You feel better.
The lich conjures a glowing orb.
There is a staircase back to the Dungeon here.
Magic restored.
The lich points at you and mumbles some strange words.
The bolt of lightning hits you!
You die...

################
#.@..*§L.^.......
#.######.#######
#.# #.# #.# #.#
#.# #.#
#.######.########
#................
#.######L#####.##
#.# #.#


You could see a lich.

Vanquished Creatures
  Maud (Lair:8)
  An orc warlord (Bailey)
  Snorg (Lair:5)
  Fannar (Lair:5)
  5 naga warriors
  A centaur warrior (D:15)
  2 ogre magi
  A merfolk avatar (Shoals:1)
  Erica (Lair:1)
  A catoblepas (Lair:7)
  9 hydras
  An anaconda (Snake:2)
  A tengu warrior (D:14)
  4 death yaks
  An orc high priest (Orc:4)
  4 naga sharpshooters
  3 shock serpents
  Nergalle (Lair:1)
  A deep elf knight (D:13)
  A skeletal warrior (D:13)
  3 ice statues (IceCv)
  A naga ritualist (Snake:3)
  4 orc knights
  Pikel (D:7)
  5 hill giants
  2 mana vipers (Snake:2)
  A lindwurm (Orc:4)
  2 wizards (D:15)
  7 ugly things (D:14)
  A wolf spider (Lair:8)
  2 cyclopes
  6 slime creatures
  5 orc sorcerers
  3 salamanders
  2 manticores (D:11)
  4 griffons
  A guardian serpent (Lair:8)
  17 elephants
  Maurice (D:8)
  15 black mambas
  A torpor snail (Lair:5)
  A moth of wrath (shapeshifter) (D:13)
  13 spiny frogs
  2 gargoyles
  Psyche (Orc:1)
  7 naga magi
  2 centaur skeletons
  8 komodo dragons
  A fire drake (Lair:3)
  A wolf spider simulacrum (D:13)
  2 two-headed ogres
  A deep elf priest (D:13)
  A polar bear (D:13)
  8 trolls
  2 tengu conjurers (D:13)
  A queen bee (D:11)
  Prince Ribbit (Lair:2)
  3 ravens
  14 blink frogs
  2 basilisks
  A shadow (D:14)
  2 centaur simulacra (D:13)
  A redback (Lair:8)
  2 wraiths
  7 hippogriffs
  2 water elementals (D:11)
  3 deep elf magi
  Eustachio (D:4)
  51 yaks
  6 wyverns
  3 deep elf fighters
  2 mottled dragons
  5 vampire mosquitoes
  2 steam dragons
  A hog (Volcano)
  2 fire bats (Volcano)
  2 soldier ants (D:12)
  5 wolves
  11 porcupines
  30 nagas
  23 water moccasins
  28 orc warriors
  2 wargs
  A slave (D:7)
  A necrophage (D:10)
  10 spiders
  3 black bears
  3 sky beasts
  4 wasps
  17 ogres
  The ghost of WhatIsLove the Bolt Thrower, an average CeHu of Okawaru (D:3)
  2 eyes of draining
  29 ice beasts
  3 phantoms
  12 centaurs
  Duvessa (D:8)
  3 big kobolds
  12 giant frogs
  A gnoll sergeant (D:7)
  Blork the orc (D:8)
  A wyvern zombie (D:8)
  10 crocodiles
  A wyvern skeleton (D:13)
  5 scorpions
  19 killer bees
  5 electric eels
  8 wights
  8 crimson imps
  2 goliath beetles
  8 centaur zombies
  7 jellies
  Dowan (D:8)
  A quasit (D:12)
  2 giant frog zombies (D:9)
  6 iguanas
  A wyvern simulacrum (D:13)
  18 hounds
  34 orc priests
  7 hell rats
  A spectral orc (Lair:1)
  50 orc wizards
  21 worker ants
  3 giant frog skeletons
  A hound zombie (D:8)
  33 sheep
  A hound skeleton (D:11)
  A mummy (D:13)
  9 orc zombies (Orc:4)
  3 worker ant zombies (D:11)
  43 river rats
  34 adders
  15 gnolls
  4 shadow imps
  A giant mite (D:2)
  4 white imps (D:13)
  2 worms
  2 ufetubi (D:13)
  2 adder zombies (D:7)
  An ooze (D:3)
  177 orcs
  A bat skeleton (D:6)
  A bat zombie (D:5)
  41 goblins
  40 hobgoblins
  3 jackals
  29 kobolds
  2 ball pythons
  13 bats
  14 giant cockroaches
  3 giant geckos
  A giant gecko skeleton (D:4)
  11 giant newts
  A giant spore (D:8)
  12 quokkas
  A quokka zombie (D:5)
  11 rats
  2 ballistomycetes (D:8)
  A fungus (Lair:8)
  A plant (Lair:7)
1232 creatures vanquished.

Vanquished Creatures (collateral kills)
  2 ugly things (D:14)
  A tengu conjurer (D:14)
  A slime creature (D:14)
  A wyvern (D:14)
5 creatures vanquished.

Vanquished Creatures (others)
  A black mamba (Snake:3)
  A deep elf fighter (Volcano)
  A slave (D:7)
  A gnoll sergeant (D:7)
  A killer bee (D:8)
  A gnoll (D:7)
  A river rat (Lair:1)
  A hobgoblin (D:8)
  A ball python (D:2)
  6 fungi (Lair:8)
  2 plants
17 creatures vanquished.

Grand Total: 1254 creatures vanquished

Notes
Turn   | Place    | Note
--------------------------------------------------------------
     0 | D:1      | Psiweapon, the Kobold Hunter, began the quest for the Orb.
     0 | D:1      | Reached XP level 1. HP: 12/12 MP: 1/1
    11 | D:1      | Reached skill level 5 in Crossbows
    93 | D:1      | Reached XP level 2. HP: 18/18 MP: 2/2
   505 | D:1      | Reached XP level 3. HP: 22/22 MP: 3/3
  1180 | D:2      | Found a white marble altar of Elyvilon.
  1323 | D:2      | Found a bloodstained altar of Trog.
  1515 | D:3      | Reached XP level 4. HP: 26/28 MP: 4/4
  1603 | D:3      | Reached skill level 6 in Crossbows
  1707 | D:5      | Entered Level 5 of the Dungeon
  1773 | D:3      | Found a burning altar of Makhleb.
  1801 | D:3      | Noticed WhatIsLove's ghost (average CeHu)
  1810 | D:3      | Found a basalt altar of Yredelemnul.
  1828 | D:3      | Killed WhatIsLove's ghost
  1828 | D:3      | Reached XP level 5. HP: 19/33 MP: 5/5
  1904 | D:3      | Found a white marble altar of Elyvilon.
  1904 | D:3      | Found an opulent altar of Gozag.
  1935 | D:3      | Reached skill level 7 in Crossbows
  1935 | D:3      | Reached XP level 6. HP: 35/39 MP: 6/6
  2212 | D:3      | Found a shattered altar of Ashenzari.
  2337 | D:3      | Reached skill level 1 in Short Blades
  2881 | D:4      | Found a snail-covered altar of Cheibriados.
  2964 | D:4      | Reached XP level 7. HP: 24/44 MP: 7/7
  3248 | D:4      | Noticed Eustachio
  3282 | D:4      | Killed Eustachio
  3282 | D:4      | Reached skill level 5 in Stealth
  3971 | D:5      | Noticed a phantom
  4021 | D:5      | Killed a phantom
  4021 | D:5      | Reached skill level 5 in Short Blades
  4021 | D:5      | Reached XP level 8. HP: 20/48 MP: 8/8
  4118 | D:5      | Found a glowing silver altar of Zin.
  5019 | D:5      | Found a radiant altar of Vehumet.
  5407 | D:6      | Reached skill level 8 in Stealth
  5467 | D:6      | Gained mutation: You are frail (-10% HP). [potion of mutation]
  5467 | D:6      | Gained mutation: You have a pair of small horns on your head. [potion of mutation]
  5591 | D:6      | Found a glowing silver altar of Zin.
  5696 | D:6      | Reached XP level 9. HP: 42/47 MP: 9/9
  5701 | D:6      | Reached skill level 5 in Fighting
  5701 | D:6      | Reached skill level 9 in Stealth
  5736 | D:6      | Found a shimmering altar of Xom.
  5803 | D:6      | Found an iron altar of Okawaru.
  5837 | D:6      | Reached skill level 10 in Stealth
  5934 | D:6      | Found a staircase to the Ecumenical Temple.
  5942 | Temple   | Entered the Ecumenical Temple
  5979 | Temple   | Became a worshipper of Dithmenos the Shadowed
  6179 | D:6      | Found an ancient bone altar of Kikubaaqudgha.
  6511 | D:7      | Found an opulent altar of Gozag.
  6558 | D:7      | Noticed Pikel
  6667 | D:7      | Killed Pikel
  6667 | D:7      | Reached XP level 10. HP: 52/57 MP: 10/10
  6696 | D:7      | Found a glowing golden altar of the Shining One.
  6733 | D:7      | Got a sparkling bone ring
  6737 | D:7      | Identified the ring of the Three Beds {Str-3 Int+3 Dex+2 Stlth-} (You found it on level 7 of the Dungeon)
  6815 | D:7      | Found a blossoming altar of Fedhas.
  7151 | D:7      | Found a stormy altar of Qazlal.
  7714 | D:8      | Noticed Maurice
  7718 | D:8      | Noticed Duvessa
  7720 | D:8      | Killed Maurice
  7720 | D:8      | Reached skill level 10 in Short Blades
  7724 | D:8      | Killed Duvessa
  7725 | D:8      | Noticed Dowan
  7782 | D:8      | Killed Dowan
  7782 | D:8      | Acquired Dithmenos' first power
  7854 | D:8      | Reached skill level 1 in Long Blades
  7903 | D:8      | Noticed Blork the orc
  7914 | D:8      | Killed Blork the orc
  8175 | D:8      | Found Skuinontad's Weapon Emporium.
  8502 | D:8      | Learned a level 2 spell: Blink
  9555 | D:9      | Reached skill level 10 in Fighting
  9705 | D:9      | Found Smuacvua's Book Shop.
  9707 | D:9      | Reached XP level 11. HP: 54/64 MP: 11/11
  9891 | D:9      | Noticed a cyclops
  9901 | D:9      | Killed a cyclops
  9901 | D:9      | Reached skill level 5 in Dodging
  9922 | D:9      | Found a glowing golden altar of the Shining One.
  9998 | D:10     | Entered Level 10 of the Dungeon
 10037 | D:10     | Gained mutation: You are partially covered in molten scales (AC +1). [potion of mutation]
 10037 | D:10     | Gained mutation: You are partially covered in thin metallic scales (AC +2). [potion of mutation]
 10037 | D:10     | Lost mutation: You are frail (-10% HP). [potion of mutation]
 10292 | D:10     | Reached skill level 1 in Armour
 10303 | D:10     | Acquired Dithmenos' second power
 10370 | D:10     | Found Osissaiteoh's Jewellery Shop.
 10488 | D:10     | Upgraded the game from 0.17-a0-15-g0155121 to 0.17-a0-18-gc25b939
 10654 | D:10     | Noticed a hill giant
 10663 | D:10     | Killed a hill giant
 11136 | D:11     | Noticed a four-headed hydra
 11150 | D:11     | Killed a four-headed hydra
 11445 | D:11     | Noticed a cyclops
 11449 | D:11     | Killed a cyclops
 11584 | D:11     | Reached XP level 12. HP: 76/79 MP: 12/12
 11734 | D:11     | Gained mutation: You are resistant to hostile enchantments. [potion of mutation]
 11734 | D:11     | Gained mutation: You are partially covered in rugged brown scales (AC +1, +3% HP). [potion of mutation]
 11741 | D:11     | Noticed a hill giant
 11760 | D:11     | Killed a hill giant
 11764 | D:11     | Reached skill level 5 in Armour
 12084 | D:11     | Noticed a hill giant
 12101 | D:11     | Killed a hill giant
 12101 | D:11     | Reached skill level 10 in Dodging
 12215 | D:11     | Found a staircase to the Lair.
 12235 | D:11     | Acquired Dithmenos' third power
 12287 | D:11     | Noticed a manticore
 12305 | D:11     | Killed a manticore
 12812 | Lair:1   | Entered Level 1 of the Lair of Beasts
 12933 | Lair:1   | Noticed Erica
 13003 | Lair:1   | Got a crude dagger
 13004 | Lair:1   | Identified the +2 dagger of Evil {drain, Contam +Rage rN+ MP+9 Int+7} (You found it on level 1 of the Lair of Beasts)
 13008 | Lair:1   | Gained mutation: Your flesh is cold resistant. [potion of beneficial mutation]
 13018 | Lair:1   | Gained mutation: You are dopey. (Int -2) [mutagenic glow]
 13064 | Lair:1   | Noticed Nergalle
 13113 | Lair:1   | Killed Nergalle
 13266 | Lair:1   | Learned a level 1 spell: Infusion
 14198 | Lair:1   | Reached skill level 11 in Short Blades
 14335 | Lair:1   | Killed Erica
 14544 | Lair:2   | Noticed Prince Ribbit
 14573 | Lair:2   | Killed Prince Ribbit
 14648 | Lair:2   | Reached XP level 13. HP: 52/86 MP: 13/13
 15693 | Lair:3   | Found a sacrificial altar of Ru.
 15757 | Lair:3   | Acquired Dithmenos' fourth power
 15815 | Lair:3   | Reached skill level 10 in Crossbows
 16037 | Lair:3   | Found a staircase to the Shoals.
 16047 | Shoals:1 | Entered Level 1 of the Shoals
 16621 | Lair:4   | Gained mutation: You have a pair of horns on your head. [potion of beneficial mutation]
 17386 | Lair:5   | Found a frozen archway.
 17464 | IceCv    | Entered an ice cave
 17947 | Lair:5   | Found a staircase to the Snake Pit.
 18111 | Lair:5   | Noticed Snorg
 18124 | Lair:5   | Killed Snorg
 18124 | Lair:5   | Reached skill level 1 in Invocations
 18229 | Lair:5   | Reached XP level 14. HP: 71/90 MP: 15/17
 18826 | Lair:5   | Noticed Fannar
 18834 | Lair:5   | Killed Fannar
 19656 | Lair:6   | Reached skill level 10 in Armour
 20100 | Lair:6   | Reached skill level 5 in Invocations
 20464 | Lair:7   | Reached skill level 12 in Short Blades
 21132 | D:12     | Reached skill level 13 in Short Blades
 21145 | D:12     | Found a sacrificial altar of Ru.
 21319 | D:12     | Got a jewelled ring mail
 21392 | D:11     | Identified the cursed -1 ring mail of Plasticity {MP+9} (You found it on level 12 of the Dungeon)
 21486 | D:12     | Found a staircase to the Orcish Mines.
 22199 | D:13     | Found a gate to the Vaults.
 22402 | D:13     | Reached skill level 14 in Short Blades
 22461 | D:13     | Reached XP level 15. HP: 95/95 MP: 25/27
 23587 | Lair:8   | Entered Level 8 of the Lair of Beasts
 24260 | Lair:8   | Noticed Maud
 24269 | Lair:8   | Killed Maud
 24339 | Lair:8   | Reached skill level 15 in Short Blades
 24419 | Lair:8   | Found a runed door.
 24419 | Lair:8   | Found a viscous altar of Jiyva.
 24419 | Lair:8   | Found a staircase to the Slime Pits.
 24419 | Lair:8   | Noticed an azure jelly
 24419 | Lair:8   | Noticed an azure jelly
 24453 | Lair:8   | Found a shimmering altar of Xom.
 24466 | Lair:8   | Reached skill level 10 in Invocations
 25661 | D:10     | Learned a level 1 spell: Apportation
 25759 | Orc:1    | Entered Level 1 of the Orcish Mines
 25911 | Orc:1    | Noticed Psyche
 25920 | Orc:1    | Killed Psyche
 26044 | Orc:1    | Identified the Disquisition on Boosting Blows and Bruises (You found it on level 1 of the Orcish Mines)
 26538 | Orc:3    | Found a flagged portal.
 26553 | Orc:3    | Reached skill level 1 in Spellcasting
 26574 | Bailey   | Entered a bailey
 26861 | Bailey   | Noticed an orc warlord
 26863 | Bailey   | Killed an orc warlord
 27011 | Bailey   | Reached XP level 16. HP: 87/103 MP: 29/29
 27768 | Orc:4    | Entered Level 4 of the Orcish Mines
 27855 | Orc:4    | Found a dark tunnel.
 27866 | Volcano  | Entered a volcano
 28323 | Orc:4    | Found a staircase to the Elven Halls.
 28549 | Orc:3    | Found Soagraeck's Quality Used Wands.
 28961 | Orc:4    | Reached XP level 17. HP: 62/107 MP: 30/30
 29332 | Orc:4    | Found Ironaet's Gadget Boutique.
 29332 | Orc:4    | Found Itaoj's Antique Weapon Shop.
 29332 | Orc:4    | Found Unixtoasm's Jewellery Boutique.
 29340 | Orc:4    | Found Frecath Izop's Book Shop.
 29482 | Orc:4    | Bought the ring of Strygae {+Inv Str+4} for 635 gold pieces
 29899 | Orc:2    | Found a deep blue altar of Sif Muna.
 30301 | Snake:1  | Entered Level 1 of the Snake Pit
 30567 | Snake:1  | Reached skill level 5 in Evocations
 30636 | Snake:1  | Found a glowing silver altar of Zin.
 32213 | Snake:2  | Found a bloodstained altar of Trog.
 33531 | Snake:3  | Found Xineosiy's Magic Scroll Shop.
 34355 | D:13     | Found Ygaiwaif's Specialty Armours.
 34517 | D:13     | Gained mutation: Your spells are a little easier to cast, but a little less powerful. [mutagenic meat]
 34915 | D:14     | Lost mutation: You are dopey. (Int -2) [mutagenic meat]
 34916 | D:14     | Gained mutation: You are somewhat resistant to further mutation. [mutagenic meat]
 34919 | D:14     | Gained mutation: You can spit poison. [mutagenic meat]
 35076 | D:14     | Found an opulent altar of Gozag.
 35392 | D:15     | Entered Level 15 of the Dungeon
 35478 | D:15     | Found a staircase to the Depths.
 35767 | D:15     | Reached XP level 18. HP: 113/113 MP: 31/31
 35879 | D:15     | Reached skill level 1 in Charms
 36297 | Depths:1 | Entered Level 1 of the Depths
 36317 | Depths:1 | Noticed a lich
 36332 | Depths:1 | Killed from afar by a lich

Action                   |  1- 3 |  4- 6 |  7- 9 | 10-12 | 13-15 | 16-18 || total
-------------------------+-------+-------+-------+-------+-------+-------++-------
Melee: Short sword       |    18 |    26 |       |       |       |       ||    44
       Dagger            |       |    79 |   219 |   225 |     5 |       ||   528
       Falchion          |       |       |    36 |       |       |       ||    36
       Rapier            |       |       |    30 |   652 |  1624 |   688 ||  2994
       Long sword        |       |       |    25 |    19 |       |       ||    44
 Fire: Hand crossbow     |    64 |    37 |       |    29 |   139 |   205 ||   474
       Blowgun           |       |       |       |    20 |     4 |       ||    24
       Arbalest          |       |       |       |       |       |   158 ||   158
Throw: Throwing net      |       |       |       |     2 |       |       ||     2
       Tomahawk          |       |       |       |     5 |     6 |       ||    11
Invok: Shadow Step       |       |       |       |     1 |     3 |     3 ||     7
 Abil: Evoke Invisibilit |       |       |       |       |       |     4 ||     4
       Turn Visible      |       |       |       |       |       |     3 ||     3
Evoke: Wand              |       |     3 |    21 |    20 |     2 |    11 ||    57
  Use: Scroll            |       |       |    13 |    12 |    15 |     8 ||    48
       Potion            |       |       |     6 |     4 |     5 |     2 ||    17
 Stab: Confused          |       |     2 |       |       |       |       ||     2
       Sleeping          |       |     2 |    21 |    43 |   121 |    53 ||   240
       Distracted        |       |       |       |     3 |     6 |     1 ||    10
       Paralysed         |       |       |       |     1 |       |       ||     1
  Eat: Chunk             |     7 |     5 |     8 |    31 |    43 |    43 ||   137
